 Dungeon Crawl Stone Soup version 0.24-a0-496-gbe733cd003 (webtiles) character file.

Game seed: 2477686294248833981

121 Essalna the Skirmisher (level 4, -3/37 HPs)
             Began as a Mummy Monk on July 13, 2019.
             Slain by a gnoll
             ... wielding a +0 spear
              (6 damage)
             ... on level 3 of the Dungeon.
             The game lasted 00:07:01 (3148 turns).

Essalna the Skirmisher (Mummy Monk)                 Turns: 3148, Time: 00:07:02

Health: -3/37      AC:  5    Str: 19    XL:     4   Next: 77%
Magic:  4/4        EV: 12    Int:  9    God:
Gold:   129        SH:  0    Dex: 15    Spells: 3/3 levels left

rFire    x . .     SeeInvis .     - Unarmed
rCold    + . .     Gourm    .   (no shield)
rNeg     + + +     Faith    .   f - +0 leather armour
rPois    ∞         Spirit   .   (no helmet)
rElec    .         Reflect  .   (no cloak)
rCorr    .         Harm     .   (no gloves)
MR       .....                  (no boots)
Stlth    +.........             (no amulet)
HPRegen  0.12/turn              d - +5 ring of strength
MPRegen  0.09/turn              e - +2 ring of protection

@: heavily drained
A: no food or potions, fire vulnerability, cold resistance 1, negative energy
resistance 3, torment resistance, unbreathing
a: no special abilities


You were on level 3 of the Dungeon.
You were not hungry.

You visited 1 branch of the dungeon, and saw 3 of its levels.

You collected 129 gold pieces.

Inventory:

Armour
 a - a +0 robe
 f - a +0 leather armour (worn)
 k - a +0 pair of gloves
Jewellery
 d - a +5 ring of strength (left hand)
 e - a +2 ring of protection (right hand)
 h - an uncursed ring of magical power
Scrolls
 b - a scroll of enchant armour {unknown}
 g - a scroll of enchant weapon {unknown}
 i - 2 scrolls of identify {unknown}


   Skills:
 + Level 3.8(2.1) Fighting
 + Level 1.2(0.0) Armour
 + Level 3.1(1.5) Dodging
 - Level 1.5(0.0) Stealth
 + Level 3.2(1.5) Unarmed Combat


You had 3 spell levels left.
You didn't know any spells.
Your spell library was empty.

Dungeon Overview and Level Annotations

Branches:
Dungeon (3/15)

Altars:


Innate Abilities, Weirdness & Mutations

You do not eat or drink.
Your flesh is vulnerable to fire.
You are immune to poison.
Your flesh is cold resistant. (rC+)
You are immune to negative energy. (rN+++)
You are immune to unholy pain and torment.
You can survive without breathing.


Message History

The gnoll barely misses you. The rat barely misses you.
You barely miss the gnoll.
The gnoll is severely wounded.
The gnoll hits you with a +0 spear. The rat closely misses you.
You hit the gnoll.
The gnoll is almost dead.
The gnoll hits you with a +0 spear!
* * * LOW HITPOINT WARNING * * *
The rat bites you.
* * * LOW HITPOINT WARNING * * *
You closely miss the gnoll.
The gnoll is almost dead.
The gnoll hits you with a +0 spear.
* * * LOW HITPOINT WARNING * * *
The rat bites you.
* * * LOW HITPOINT WARNING * * *
You hit the gnoll but do no damage.
The gnoll is almost dead.
The gnoll hits you with a +0 spear.
You die...

≈≈#.g #...........
≈≈#####≈≈≈≈≈≈≈≈≈≈≈
≈≈≈≈≈≈≈≈≈≈≈≈≈≈≈≈≈≈
≈≈≈≈≈≈≈≈≈≈≈≈≈≈≈≈≈≈
.................
###..>..........
#......%.####.##
#...rg...#
#....@.#......
#...##.#.#####
##.)<#.#.#
#####.#.# ..#.#
###.#


You could see a gnoll and a rat.

Vanquished Creatures
  2 adders
  3 gnolls
  2 oozes
  A worm (D:2)
  A dart slug (D:1)
  An orc (D:3)
  A giant cockroach (D:2)
  15 goblins
  6 hobgoblins
  2 jackals (D:2)
  A ball python (D:1)
  7 bats
  7 frilled lizards
  8 kobolds
  6 rats
63 creatures vanquished.

Notes
Turn   | Place    | Note
-------+----------+-------------------------------------------
     0 | D:1      | Essalna the Mummy Monk began the quest for the Orb.
     0 | D:1      | Reached XP level 1. HP: 18/18 MP: 1/1
   117 | D:1      | Reached XP level 2. HP: 15/24 MP: 2/2
   860 | D:1      | Reached XP level 3. HP: 18/29 MP: 3/3
  1845 | D:3      | Reached XP level 4. HP: 36/36 MP: 4/4
  1992 | D:2      | Reached skill level 1 in Armour
  3148 | D:3      | Slain by a gnoll

Levels and vault maps discovered:
D:1:      lemuel_arrival_behind_the_door_small, layout_basic,
          serial_park_tiny_1, minmay_misc_feat_diagonals, minmay_pentomino_p4
D:2:      layout_loops_corners, minivault_19
D:3:      lemuel_castle_with_subvaults [lemuel_castle_interior_original],
          layout_basic, first_ration, uniq_terence, uniq_jessica

Skill      XL: |  1  2  3  4 |
---------------+-------------+-----
Unarmed Combat | 3 |  3.2
Dodging        | 3 |  3.1
Armour         | 1 |  1.2
Fighting       | |  3.8
Stealth        | |  1.5

Action                   |  1- 3 |  4- 6 || total
-------------------------+-------+-------++-------
Melee: Unarmed           |   170 |    97 ||   267
 Stab: Sleeping          |     3 |     1 ||     4
Armor: Robe              |    23 |       ||    23
       Leather armour    |    16 |    25 ||    41
Dodge: Dodged            |   115 |    78 ||   193

Table legend:
 A = Non-vault XP
 B = Vault XP
 C = Vault XP percentage of total XP
 D = Non-vault monster count
 E = Vault monster count
 F = Vault count percentage of total count
                 A         B        C        D         E       F
            +---------+---------+-------+---------+---------+-------
      Total |     162 |      12 |   6.9 |      55 |       8 |  12.7
            +---------+---------+-------+---------+---------+-------
        D:1 |      36 |       8 |  18.2 |      19 |       6 |  24.0
        D:2 |      79 |       4 |   4.8 |      21 |       2 |   8.7
        D:3 |      47 |       0 |   0.0 |      15 |       0 |   0.0
            +---------+---------+-------+---------+---------+-------
